 Dungeon Crawl Stone Soup version 0.30.1-11-g7821555f0a (webtiles) character file.

Game seed: 15414383448066822951

473 ChrisAssaf the Chopper (level 7, -1/37 HPs)
             Began as a Vine Stalker Monk on Nov 13, 2023.
             Succumbed to a water moccasin's poison
             ... on level 5 of the Dungeon.
             The game lasted 00:07:40 (1483 turns).

ChrisAssaf the Chopper (Vine Stalker Monk)          Turns: 1483, Time: 00:07:41

Health: -1/37      AC:  4    Str: 13    XL:     7   Next: 10%
Magic:  14/19      EV: 13    Int: 16    God:
Gold:   96         SH:  0    Dex: 17    Spells: 5/9 levels left

rFire   + . .        o - +1 dagger (distort)
rCold   . . .        d - orb {light}
rNeg    . . .        b - +0 robe
rPois   .            (no helmet)
rElec   .            (no cloak)
rCorr   .            (no gloves)
SInv    .            q - +1 pair of boots
Will    .....        (no amulet)
Stlth   +            t - ring of Checkmate {rF+ MP+9 Int+4}
HPRegen 1.06/turn    (no ring)
MPRegen 0.16/turn

%: guardian spirit
@: lethally poisoned (-1 -> -5), glowing
A: fangs 2, regeneration 1, magic shield, antimagic bite, no potion heal 2
a: no special abilities


You were on level 5 of the Dungeon.
You visited 1 branch of the dungeon, and saw 5 of its levels.

You collected 96 gold pieces.

Inventory:

Hand Weapons
 a - a +0 hand axe
 o - a +1 dagger of distortion (weapon)
Missiles
 f - 4 poisoned darts (quivered)
 p - a curare-tipped dart
Armour
 b - a +0 robe (worn)
 d - an orb of light (worn)
 q - a +1 pair of boots (worn)
Jewellery
 t - the ring of Checkmate (left hand) {rF+ MP+9 Int+4}
   (You found it on level 5 of the Dungeon)

   [ring of magical power]

   Int:       It affects your intelligence (+4).
   rF:        It protects you from fire.
   MP:        It affects your magic capacity (+9).
Scrolls
 e - a scroll of blinking {unknown}
 h - a scroll of vulnerability
 j - 2 scrolls of amnesia
 l - a scroll of torment {unknown}
 m - a scroll of immolation
 n - a scroll of teleportation {unknown}
 s - a scroll of enchant armour {unknown}
Potions
 c - 2 potions of flight {unknown}
 g - a potion of curing {unknown}
 i - a potion of resistance
 k - a potion of degeneration {unknown}
 r - a potion of cancellation {unknown}


   Skills:
 * Level 3.7 Fighting
 * Level 0.6 Short Blades
 - Level 4.0 Axes
 * Level 1.7 Throwing
 * Level 1.6 Armour
 * Level 3.1 Dodging
 * Level 2.6 Stealth
 * Level 1.6 Spellcasting
 * Level 1.8 Necromancy


You had 5 spell levels left.
You knew the following spells:

 Your Spells              Type           Power      Damage    Failure   Level
a - Necrotise             Necr           28%        1d5       10%         1
b - Vampiric Draining     Necr           7%         2d6       30%         3

Your spell library contained the following spells:

 Spells                   Type           Power      Damage    Failure   Level
 Lesser Beckoning         Tloc           2%         N/A       32%         2
 Dazzling Flash           Conj/Hex       2%         N/A       54%         3
 Gell's Gravitas          Tloc           1%         N/A       54%         3
 Teleport Other           Tloc           1%         N/A       54%         3
 Volatile Blastmotes      Fire/Tloc      2%         2d10      54%         3
 Iskenderun's Mystic Bla  Conj/Tloc      1%         2d3       91%         4
 Agony                    Necr           7%         N/A       95%         5
 Dispersal                Tloc           0%         N/A       100%        6
 Starburst                Conj/Fire      0%         6d3       100%        6


Dungeon Overview and Level Annotations

Branches:
Dungeon (5/15)
 Temple: D:4-7

Altars:

Annotations:
D:3 3 runed translucent doors, KittyFluff's ghost, amateur GrBe


Innate Abilities, Weirdness & Mutations

You have extremely sharp teeth.
Your natural rate of healing is unusually fast.
When hurt, damage is shared between your health and your magic reserves.
Your bite disrupts and absorbs the magic of your enemies.
Potions cannot restore your health.


Message History

You feel very sick. The water moccasin bites you.
You are lethally poisoned!
The water moccasin poisons you!
Casting: Necrotise (safe; 12% risk of failure)
Confirm with . or Enter, or press ? or * to list all spells.
Aiming: Necrotise (safe; 12% risk of failure)
Press: ? - help, Shift-Dir - straight line, f/p - water moccasin
Aim: a water moccasin (severely wounded, haloed, chance to affect: 53%)
The water moccasin resists with significant effort.
You feel extremely sick. The water moccasin closely misses you.
Unknown command.
You hit the water moccasin.
Space warps horribly around the water moccasin!!
You kill the water moccasin!
* * * LOW HITPOINT WARNING * * *
You feel very sick.
You have reached level 7!
* * * LOW HITPOINT WARNING * * *
You feel very sick.
* * * LOW HITPOINT WARNING * * *
You feel very sick.
* * * LOW HITPOINT WARNING * * *
You feel very sick.
Sorry, you're not good enough to have a special ability.
Unknown command.
Casting: Necrotise (safe; 10% risk of failure)
Confirm with . or Enter, or press ? or * to list all spells.
Okay, then.
Sorry, you're not good enough to have a special ability.
Unknown command.
Sorry, you're not good enough to have a special ability.
Unknown command.
Sorry, you're not good enough to have a special ability.
Unknown command.
You are not religious.
Unknown command.
There is a lethal amount of poison in your body!
You die...

#. #..... #. #.....
#########.##.....
#...#............
#...#............
#...#............ .####
#...#............
......#####...#............
#((...@...#............
###.......#............
#.......#####.#######
#.......# #. #...(...# #.
#....#..#####.
#...(##....##. ###
#....#####.# #.. #....# #.#
#.#


There were no monsters in sight!

Vanquished Creatures
  Sigmund (D:3)
  A water moccasin (D:5)
  A kobold brigand (D:5)
  A hound (D:5)
  4 adders
  4 worms
  An orc (D:5)
  5 endoplasms
  3 goblins
  2 hobgoblins
  8 kobolds
  3 quokkas (D:3)
  A ball python (D:3)
  3 bats
  A frilled lizard (D:2)
39 creatures vanquished.

Notes
Turn   | Place    | Note
-------+----------+-------------------------------------------
     0 | D:1      | ChrisAssaf the Vine Stalker Monk began the quest for the
                  | Orb.
     0 | D:1      | Reached XP level 1. HP: 11/11 MP: 2/2
   168 | D:1      | Reached XP level 2. HP: 16/16 MP: 3/3
   174 | D:1      | Learned a level 1 spell: Necrotise
   405 | D:2      | Reached skill level 1 in Stealth
   405 | D:2      | Reached XP level 3. HP: 17/19 MP: 4/4
   537 | D:3      | Reached skill level 3 in Axes
   943 | D:3      | Found a runed translucent gate.
   943 | D:3      | Found a runed translucent gate.
   944 | D:3      | Found a runed translucent gate.
   944 | D:3      | Noticed a steam dragon
   945 | D:3      | Noticed KittyFluff's ghost (amateur GrBe)
  1010 | D:3      | Noticed Sigmund
  1020 | D:3      | Killed Sigmund
  1021 | D:3      | Reached skill level 1 in Throwing
  1021 | D:3      | Reached skill level 1 in Armour
  1021 | D:3      | Reached skill level 1 in Spellcasting
  1021 | D:3      | Reached skill level 1 in Necromancy
  1021 | D:3      | Gained mutation: Your natural rate of healing is unusually
                  | fast. [Vine Stalker growth]
  1021 | D:3      | Reached XP level 4. HP: 14/24 MP: 3/6
  1021 | D:3      | Reached XP level 5. HP: 17/28 MP: 3/7
  1122 | D:5      | Entered Level 5 of the Dungeon
  1150 | D:5      | Noticed a kobold brigand
  1166 | D:5      | Killed a kobold brigand
  1167 | D:5      | Reached skill level 4 in Axes
  1167 | D:5      | Reached XP level 6. HP: 20/32 MP: 8/8
  1255 | D:5      | Identified the ring of Checkmate {rF+ MP+9 Int+4}
  1262 | D:5      | Learned a level 3 spell: Vampiric Draining
  1469 | D:5      | Noticed a water moccasin
  1479 | D:5      | Killed a water moccasin
  1480 | D:5      | Reached XP level 7. HP: 9/37 MP: 10/10
  1482 | D:5      | HP: 1/37 [poisoned by a water moccasin]
  1483 | D:5      | Succumbed to a water moccasin's poison

Illustrated notes

Levels and vault maps discovered:
D:1:      matt_arrival_refuge, layout_rooms,
          chequers_ecumenical_altar_simple_redux
D:2:      layout_basic
D:3:      layout_basic, gammafunk_ghost_split, serial_park_tiny_2, uniq_sigmund
D:4:      layout_loops_cross
D:5:      layout_basic

Skill      XL: |  1  2  3  4  5 |
---------------+----------------+-----
Stealth        | 1 2 |  2.6
Axes           | 3 4 |  4.0
Fighting       | 3 |  3.7
Throwing       | 1 |  1.7
Armour         | 1 |  1.6
Spellcasting   | 1 |  1.6
Necromancy     | 1 |  1.8
Dodging        | 3 |  3.1
Short Blades   | |  0.6

Action                     |  1- 3 |  4- 6 |  7- 9 || total
---------------------------+-------+-------+-------++-------
  Melee: Hand axe          |    54 |    43 |       ||    97
         Bite              |     9 |    19 |       ||    28
         Dagger            |       |    13 |       ||    13
  Throw: Dart              |    17 |     8 |       ||    25
   Cast: Necrotise         |     6 |     2 |       ||     8
    Use: Potion            |     5 |       |       ||     5
         Scroll            |     1 |     2 |       ||     3
 Armour: Robe              |    10 |     1 |       ||    11
  Dodge: Dodged            |    46 |    27 |       ||    73
